 Dungeon Crawl Stone Soup version 0.30-a0-782-ge64f9170bb (webtiles) character file.

Game seed: 1303616514529769266

1229 mopl the Sneak (level 8, -12/50 HPs)
             Began as an Octopode Brigand on Mar 2, 2023.
             Was an Initiate of Dithmenos.
             Mangled by an ogre
             ... wielding a +0 giant club
              (28 damage)
             ... on level 6 of the Dungeon.
             The game lasted 00:09:10 (5553 turns).

mopl the Sneak (Octopode Brigand)                   Turns: 5553, Time: 00:09:11

Health: -12/50     AC:  1    Str: 10    XL:     8   Next: 48%
Magic:  9/9        EV: 12    Int: 16    God:    Dithmenos [......]
Gold:   251        SH:  5    Dex: 13    Spells: 2/7 levels left

rFire   . . .      SeeInvis .    a - +2 dagger (venom)
rCold   . . .      Faith    .    d - +0 buckler
rNeg    . . .      Spirit   .    (helmet restricted)
rPois   +          Reflect  .    (no amulet)
rElec   .          Harm     .    u - ring of willpower
rCorr   .          Rampage  .    A - ring of poison resistance
Will    +....                    (no ring)
Stlth   +++++                    (no ring)
HPRegen 0.28/turn                (no ring)
MPRegen 0.11/turn                (no ring)
                                 (no ring)
                                 (no ring)

@: no status effects
A: almost no armour, amphibious, 8 rings, camouflage 1, gelatinous body 1,
(nimble swimmer 1), tentacles
a: Renounce Religion


You were on level 6 of the Dungeon.
You worshipped Dithmenos.
Dithmenos was noncommittal.
You visited 2 branches of the dungeon, and saw 7 of its levels.
You also visited: Sewer.

You collected 251 gold pieces.

Inventory:

Hand Weapons
 a - a +2 dagger of venom (weapon)
 k - a +2 dagger
 p - a +1 short sword of venom
Missiles
 b - 16 poisoned darts (quivered)
 c - 2 curare-tipped darts
Armour
 d - a +0 buckler (worn)
Jewellery
 u - a ring of willpower (left tentacle)
 A - a ring of poison resistance (right tentacle)
Wands
 g - a wand of quicksilver (8)
 y - a wand of roots (12)
Scrolls
 f - 2 scrolls of noise {unknown}
 h - 3 scrolls of vulnerability {unknown}
 i - 4 scrolls of torment {unknown}
 l - 4 scrolls of silence {unknown}
 n - a scroll of immolation {unknown}
 o - 3 scrolls of teleportation {unknown}
 q - a scroll of summoning {unknown}
 s - a scroll of poison {unknown}
 w - 2 scrolls of identify
 x - a scroll of enchant weapon {unknown}
 z - a scroll of amnesia {unknown}
Potions
 e - 2 potions of heal wounds
 j - 2 potions of haste
 m - 4 potions of curing
 r - 3 potions of might
 t - a potion of berserk rage {!q}
 v - a potion of invisibility


   Skills:
 - Level 2.0 Fighting
 + Level 4.2(4.9) Short Blades
 + Level 3.5(4.5) Long Blades
 + Level 4.3 Throwing
 - Level 1.0 Dodging
 + Level 7.5 Stealth
 + Level 3.5 Shields
 + Level 2.5 Transmutations
 + Level 3.0 Poison Magic
 + Level 1.5 Invocations
 + Level 2.1 Evocations


You had 2 spell levels left.
You knew the following spells:

 Your Spells              Type           Power      Damage    Failure   Level
C - Alistair's Intoxicat  Tmut/Pois      5%         N/A       96%         5

Your spell library contained the following spells:

 Spells                   Type           Power      Damage    Failure   Level
 Apportation              Tloc           0%         N/A       32%         1


Dungeon Overview and Level Annotations

Branches:
Dungeon (6/15)             Temple (1/1) D:5           Sewer (visited)

Altars:
Ashenzari
Cheibriados
Dithmenos
Elyvilon
Fedhas
Gozag
Hepliaklqana
Kikubaaqudgha
Nemelex Xobeh
Okawaru
Qazlal
Ru
Sif Muna
Trog
Uskayaw
Vehumet
Wu Jian
Xom
Yredelemnul
Zin
The Shining One

Shops:
D:4 (

Annotations:
D:5 dig


Innate Abilities, Weirdness & Mutations

You cannot wear most types of armour.
You are amphibious.
You can wear up to eight rings at the same time.
Your skin changes colour to match your surroundings (Stealth+).
Your rubbery body absorbs attacks. (AC +1, EV +1)
((You are camouflaged when in or above water. (Stealth+)))
You have tentacles for arms and can constrict up to eight enemies at once.


Message History

You block the black bear's attack. The black bear claws you.
You hit the black bear.
The black bear looks as sick as possible!
The black bear is almost dead.
You constrict the black bear.
You kill the black bear!
Dithmenos accepts your kill.
Your Evocations skill increases to level 2!
No target in view!
You start resting.
A scorpion comes into view.
A scorpion is nearby!
An ogre comes into view. It is wielding a +0 giant club.
You see here 2 potions of haste.
An iguana comes into view.
Found a ring mail.
The ogre shouts!
You hit the scorpion but do no damage.
The scorpion is poisoned.
Your grab misses the scorpion. You block the scorpion's attack.
You barely miss the scorpion. You grab the scorpion.
The scorpion is lightly wounded.
You constrict the scorpion, but do no damage.
The scorpion closely misses you.
You hit the scorpion.
The scorpion looks as sick as possible!
The scorpion is moderately wounded.
You constrict the scorpion, but do no damage.
The scorpion stings you.
You release your grip on the scorpion.
Found a scroll labelled FIOMMY ZASOHO.
Found a stone staircase leading up.
You kill the scorpion!
Dithmenos accepts your kill.
Your Poison Magic skill increases to level 3!
Found an escape hatch in the floor.
You see here 7 gold pieces.
You see here a potion of berserk rage {!q}.
The ogre attacks as you move away! The ogre hits you with a +0 giant club!
The ogre attacks as you move away!
The ogre hits you with a +0 giant club!!
Ouch! That really hurt!
You die...

......##.....#######
......##.....##....#
..............#....##
...........<..#.....#
.............##....##
..##.........##....##
..######.....'......#
.. #.....##.<..## ###
.. .#########!@..#
...# .
...[....##.O..##....#
..........†...†....#
##.....##..!.........
#.....##.$..........
#................##.
...................#
....................#
.?...<..............#


You could see an ogre.

Vanquished Creatures
  Sigmund (D:4)
  A sky beast (D:6)
  A black bear (D:6)
  An ice beast (D:4)
  An ogre (D:5)
  A kobold brigand (Sewer)
  A necrophage (D:5)
  2 scorpions
  2 howler monkeys (D:4)
  An orc priest (D:5)
  A hound (D:5)
  An iguana (D:6)
  An orc wizard (D:5)
  3 gnolls (D:3)
  8 adders
  5 river rats (Sewer)
  A white imp (D:5)
  2 worms (D:3)
  2 dart slugs
  8 orcs
  7 endoplasms
  4 giant cockroaches
  4 goblins
  8 hobgoblins
  6 jackals
  6 quokkas
  18 ball pythons
  8 bats
  13 frilled lizards
  10 kobolds
  8 rats
136 creatures vanquished.

Vanquished Creatures (others)
  25 plants
25 creatures vanquished.

Grand Total: 161 creatures vanquished

Notes
Turn   | Place    | Note
-------+----------+-------------------------------------------
     0 | D:1      | mopl the Octopode Brigand began the quest for the Orb.
     0 | D:1      | Reached XP level 1. HP: 14/14 MP: 1/1
   133 | D:1      | Reached XP level 2. HP: 19/19 MP: 2/2
   385 | D:1      | Reached XP level 3. HP: 24/24 MP: 3/3
   451 | D:1      | Reached skill level 1 in Long Blades
   627 | D:2      | Reached skill level 1 in Shields
   678 | D:2      | You fall into a shaft and drop 1 floor!
   910 | D:3      | Found a hazy altar of Hepliaklqana.
   926 | D:3      | Found a glowing drain.
   936 | D:3      | Reached XP level 4. HP: 26/29 MP: 4/4
   945 | Sewer    | Entered a sewer
   997 | Sewer    | Reached skill level 6 in Stealth
  1238 | Sewer    | Noticed a kobold brigand
  1242 | Sewer    | Reached XP level 5. HP: 33/34 MP: 5/5
  1253 | Sewer    | Killed a kobold brigand
  1254 | Sewer    | Reached skill level 3 in Short Blades
  1254 | Sewer    | Reached skill level 2 in Long Blades
  1254 | Sewer    | Reached skill level 3 in Throwing
  1254 | Sewer    | Reached skill level 2 in Shields
  1622 | D:2      | Reached XP level 6. HP: 39/39 MP: 6/6
  1692 | D:2      | Found a hide-covered altar of Uskayaw.
  1856 | D:2      | Learned a level 5 spell: Alistair's Intoxication
  2348 | D:3      | Found a basalt altar of Yredelemnul.
  2824 | D:4      | Reached skill level 1 in Transmutations
  2824 | D:4      | Reached skill level 1 in Poison Magic
  2840 | D:4      | Noticed Sigmund
  2968 | D:4      | Killed Sigmund
  2969 | D:4      | Reached XP level 7. HP: 45/45 MP: 7/7
  3208 | D:4      | Reached skill level 7 in Stealth
  3299 | D:4      | Reached skill level 3 in Long Blades
  3444 | D:4      | Found Wevesoul's Antique Weapon Shoppe.
  3449 | D:4      | Reached skill level 2 in Poison Magic
  3730 | D:4      | Reached skill level 3 in Shields
  3836 | D:5      | Entered Level 5 of the Dungeon
  3866 | D:5      | Found a bloodstained altar of Trog.
  3868 | D:5      | Found a snail-covered altar of Cheibriados.
  3868 | D:5      | Found a sparkling altar of Nemelex Xobeh.
  3961 | D:5      | Reached skill level 1 in Evocations
  4070 | D:5      | Found a glowing silver altar of Zin.
  4118 | D:5      | Found a glowing golden altar of the Shining One.
  4178 | D:5      | Found a staircase to the Ecumenical Temple.
  4185 | Temple   | Entered the Ecumenical Temple
  4256 | Temple   | Became a worshipper of Dithmenos the Shadowed
  4313 | D:5      | Noticed a yak
  4314 | D:5      | Noticed a two-headed ogre
  4609 | D:5      | Reached skill level 4 in Throwing
  4609 | D:5      | Reached skill level 2 in Transmutations
  4619 | D:5      | Reached skill level 4 in Short Blades
  4762 | D:5      | Found a glowing golden altar of the Shining One.
  4781 | D:5      | Found a snail-covered altar of Cheibriados.
  4783 | D:5      | Found a bloodstained altar of Trog.
  4784 | D:5      | Found a sparkling altar of Nemelex Xobeh.
  4790 | D:5      | Reached XP level 8. HP: 50/50 MP: 8/8
  4833 | D:5      | Found a glowing silver altar of Zin.
  5310 | D:6      | Reached skill level 1 in Invocations
  5530 | D:6      | Reached skill level 2 in Evocations
  5543 | D:6      | Reached skill level 3 in Poison Magic
  5553 | D:6      | Mangled by an ogre

Illustrated notes

Levels and vault maps discovered:
D:1:      spicycebolla_arrival_ecumenical, layout_rooms,
          corexii_item_surrounded_by_moat, solitary_fountain,
          minmay_splitting_lines, minmay_quantized
D:2:      layout_loops_ring, basic_altar, serial_bayou_pond_c
D:3:      layout_loops_corners, mainiacjoe_overflow_tiny_flanked,
          lemuel_tele_altar, portal_sewer_entry_a, minmay_misc_feat_rugged
D:4:      layout_layer_cave, serial_shops, shop_fountains, uniq_sigmund
D:5:      layout_loops_ring, mainiacjoe_overflow_brackets, zin_treasury,
          grunt_temple_overflow_open, minmay_temple_entry_wispy,
          lightli_corner_chamber
D:6:      layout_gridville
Temple:   eino_temple_lava

Skill      XL: |  1  2  3  4  5  6  7  8 |
---------------+-------------------------+-----
Long Blades    | 1 2 3 |  3.5
Shields        | 1 2 3 |  3.5
Stealth        | 6 7 |  7.5
Short Blades   | 3 4 |  4.2
Throwing       | 3 4 |  4.3
Transmutations | 1 2 |  2.5
Poison Magic   | 1 2 3 |  3.0
Evocations     | 1 2 |  2.1
Invocations    | 1 |  1.5
Fighting       | |  2.0
Dodging        | |  1.0

Action                     |  1- 3 |  4- 6 |  7- 9 || total
---------------------------+-------+-------+-------++-------
  Melee: Dagger            |    64 |   162 |    67 ||   293
         Constrict         |    15 |    37 |    13 ||    65
         Tentacles         |     7 |    37 |    19 ||    63
         Punch             |     1 |     3 |     2 ||     6
  Throw: Dart              |       |       |     1 ||     1
    Use: Scroll            |       |     6 |     1 ||     7
   Stab: Sleeping          |    18 |    17 |     3 ||    38
         Distracted        |       |     3 |     1 ||     4
 Armour: Skin              |     2 |     9 |     2 ||    13
  Dodge: Dodged            |    22 |    46 |    19 ||    87
  Block: Buckler           |     3 |    25 |    12 ||    40

Table legend: (Time is in decaauts)
 A = Elapsed time spent in this place.
 B = Non-inter-level travel time spent in this place.
 C = Inter-level travel time spent in this place.
 D = Time resting spent in this place.
 E = Time spent auto-exploring this place.
 F = Levels seen in this place.
 G = Mean time per level.
                   A        B        C        D        E       F      G
               +--------+--------+--------+--------+--------+-----+--------+
         Total |   5515 |   5307 |    208 |    472 |   3678 |   8 |  689.4 |
       Dungeon |   4906 |   4721 |    185 |    379 |   3356 |   6 |  817.7 |
        Temple |     80 |     58 |     22 |      0 |     50 |   1 |   80.0 |
         Sewer |    528 |    528 |      0 |     93 |    272 |   1 |  528.0 |
               +--------+--------+--------+--------+--------+-----+--------+

Top non-repeatable levels by time:
     D:5: 1355 daAuts
     D:3: 1098 daAuts
     D:4: 1050 daAuts
     D:1: 607 daAuts
     D:2: 605 daAuts
   Sewer: 528 daAuts
     D:6: 188 daAuts
  Temple: 80 daAuts
